 Dungeon Crawl Stone Soup version 0.27.1-2-g3b301248ec (webtiles) character file.

Game seed: 6981883291880210859

6647 Urokeeper the Cleaver (level 10, -5/91 HPs)
             Began as a Deep Dwarf Fighter on Sept 24, 2021.
             Was an Elder of Elyvilon.
             Slain by an ogre (8 damage)
             ... on level 10 of the Dungeon.
             The game lasted 01:15:13 (8607 turns).

Urokeeper the Cleaver (Deep Dwarf Fighter)          Turns: 8607, Time: 01:15:13

Health: -5/91      AC: 28    Str: 23    XL:     10   Next: 72%
Magic:  1/1        EV:  7    Int:  9    God:    Elyvilon [****..]
Gold:   177        SH: 12    Dex: 17    Spells: 9/9 levels left

rFire    . . .     SeeInvis .   a - +1 war axe
rCold    . . .     Faith    +   c - +0 kite shield
rNeg     + . .     Spirit   .   L - +4 plate armour
rPois    .         Reflect  .   j - +0 helmet
rElec    .         Harm     .   m - +2 cloak
rCorr    .         Rampage  .   E - +1 pair of gloves
Will     +....                  (no boots)
Stlth    ..........             v - amulet of faith
HPRegen  0.00/turn              d - ring "Tuwoipp" {rN+ Dex+5}
MPRegen  0.07/turn              N - +4 ring of protection

@: divinely protected
A: damage resistance, heal wounds, sense surroundings 2, no regeneration
a: Heal Wounds, Renounce Religion, Lesser Healing, Heal Other, Purification,
Greater Healing, Divine Protection


You were on level 10 of the Dungeon.
You worshipped Elyvilon.
Elyvilon was greatly pleased with you.
You visited 2 branches of the dungeon, and saw 12 of its levels.

You collected 359 gold pieces.
You spent 182 gold pieces at shops.

Inventory:

Hand Weapons
 a - a +1 war axe (weapon)
 g - a +1 vampiric spear
 l - a +2 quarterstaff of chaos
 o - a +3 long sword
 p - a +2 spear of flaming
 t - a +4 long sword of freezing
 z - a +0 giant spiked club
 D - a +2 vorpal mace
 J - a +2 glaive of pain
Missiles
 b - 8 poisoned darts
 A - 4 boomerangs
 O - 5 atropa-tipped darts (quivered)
Armour
 c - a +0 kite shield (worn)
 j - a +0 helmet (worn)
 m - a +2 cloak (worn)
 n - a +3 leather armour
 E - a +1 pair of gloves (worn)
 G - +0 steam dragon scales
 L - a +4 plate armour (worn)
Jewellery
 d - the ring "Tuwoipp" (left hand) {rN+ Dex+5}
   (You acquired it on level 7 of the Dungeon)

   [ring of positive energy]

   Dex:       It affects your dexterity (+5).
   rN:        It protects you from negative energy.
 q - a ring of ice
 v - an amulet of faith (around neck)
 C - a ring of willpower
 N - a +4 ring of protection (right hand)
 S - an amulet of regeneration
Wands
 s - a wand of polymorph (9)
 I - a wand of paralysis (9)
 K - a wand of charming (8)
 P - a wand of mindburst (9)
 R - a wand of iceblast (4)
Scrolls
 e - 2 scrolls of magic mapping
 f - a scroll of brand weapon
 h - a scroll of amnesia
 u - a scroll of silence
 w - 4 scrolls of teleportation {unknown}
 x - a scroll of holy word
 y - 2 scrolls of vulnerability {unknown}
 M - a scroll of enchant weapon
Potions
 i - 4 potions of magic {unknown}
 k - 7 potions of curing
 B - 2 potions of degeneration {unknown}
 H - a potion of flight
 Q - a potion of heal wounds


   Skills:
 + Level 6.1 Fighting
 + Level 10.8 Axes
 + Level 2.1 Throwing
 + Level 7.9 Armour
 + Level 2.7 Dodging
 + Level 0.4 Stealth
 + Level 8.5 Shields
 * Level 6.9 Invocations


You had 9 spell levels left.
You didn't know any spells.
Your spell library contained the following spells:

 Spells                   Type           Power      Damage    Failure   Level
 Corona                   Hex            0%         N/A       100%        1
 Foxfire                  Conj/Fire      0%         2x1d4     100%        1
 Freeze                   Ice            0%         1d3       100%        1
 Sandblast                Erth           0%         2d4       100%        1
 Corpse Rot               Necr/Air       N/A        N/A       100%        2
 Ensorcelled Hibernation  Hex/Ice        0%         N/A       100%        2
 Passwall                 Tmut/Erth      0%         N/A       100%        2
 Poisonous Vapours        Pois/Air       0%         N/A       100%        2
 Conjure Flame            Conj/Fire      0%         6-21      100%        3
 Ignite Poison            Fire/Tmut/Pois 0%         N/A       100%        3
 Inner Flame              Hex/Fire       0%         N/A       100%        3
 Mephitic Cloud           Conj/Pois/Air  0%         N/A       100%        3
 Portal Projectile        Hex/Tloc       0%         N/A       100%        3
 Tukima's Dance           Hex            0%         N/A       100%        3
 Hailstorm                Conj/Ice       0%         3d3       100%        4
 Passage of Golubria      Tloc           N/A        N/A       100%        4
 Sticky Flame             Conj/Fire      0%         2d3       100%        4
 Blade Hands              Tmut           0%         N/A       100%        5
 Bolt of Magma            Conj/Fire/Erth 0%         4d4       100%        5
 Excruciating Wounds      Necr           0%         N/A       100%        5
 Freezing Cloud           Conj/Ice/Air   0%         6-21      100%        5
 Lee's Rapid Deconstruct  Erth           0%         3d5*      100%        5
 Yara's Violent Unravell  Hex/Tmut       0%         3d3       100%        5
 Statue Form              Tmut/Erth      0%         N/A       100%        6


Dungeon Overview and Level Annotations

Branches:
Dungeon (11/15)            Temple (1/1) D:5            Lair (0/6) D:10
    Orc: D:9-12

Altars:
Ashenzari
Cheibriados
Dithmenos
Elyvilon
Fedhas
Gozag
Hepliaklqana
Kikubaaqudgha
Makhleb
Nemelex Xobeh
Okawaru
Qazlal
Ru
Sif Muna
Trog
Uskayaw
Vehumet
Wu Jian
Xom
Yredelemnul
Zin
The Shining One

Shops:
D:6 !   D:8 *

Annotations:
D:9 3 runed translucent doors, worthlessgem's ghost, journeyman DjFE
D:10 Sonja


Innate Abilities, Weirdness & Mutations

You are resistant to damage.
You can heal yourself by infusing magical energy.
You passively map the area around you.
You do not regenerate.


Message History

The two-headed ogre hits you with a +0 giant club.
* * * LOW HITPOINT WARNING * * *
The two-headed ogre completely misses you.
The two-headed ogre hits you with a +0 giant club!!
Elyvilon protects you from harm! Something hits you!
* * * LOW HITPOINT WARNING * * *
You feel much better.
Your divine protection fades away.
The two-headed ogre is no longer moving quickly.
The wyvern bites you!
* * * LOW HITPOINT WARNING * * *
The two-headed ogre hits you but does no damage.
The two-headed ogre barely misses you. You block the ogre's attack.
The two-headed ogre hits you but does no damage.
You block the two-headed ogre's attack.
You hear some strange, mumbled words.
The two-headed ogre seems to speed up.
The wyvern bites you!
* * * LOW HITPOINT WARNING * * *
As you read the scroll labelled COTSOY LACH, it crumbles to dust.
You hear a loud clanging noise!
It was a scroll of noise.
You hear a shout! x4; You hear an angry hiss.
You block the two-headed ogre's attack. x2
The two-headed ogre barely misses you.
The two-headed ogre hits you but does no damage.
The wyvern bites you but does no damage.
The ogre hits you with a +0 giant spiked club!
* * * LOW HITPOINT WARNING * * *
Something hits you but does no damage.
You beseech Elyvilon to protect your life.
The two-headed ogre is no longer moving quickly.
The wyvern barely misses you.
The two-headed ogre hits you but does no damage.
You block the two-headed ogre's attack.
The two-headed ogre hits you but does no damage.
The two-headed ogre barely misses you. Something hits you but does no damage.
The wyvern bites you but does no damage.
The ogre hits you with a +0 giant spiked club!
You die...

###.#...# ,,#...# * + ,
###.#...# , #..$#, ,
....#...#, , #...# *#
....#...# #..# , ..
#####...###+###..#, ...
*** .................#,
... , .........>...$.OO#
..#* *
..............{Ol#...# ,
...............O@'...# ,
,, ,
#....#######...O##......
#....##...##....#,,.....
#...............#, ....,
, #......########## ...
*, , , #......#


PP.. , * ..,* #......#PPPP. , . , #........PPPP,,> , '..........PP,, , * , You
could see 4 two-headed ogres, a wyvern and an ogre.

Vanquished Creatures
  A two-headed ogre (D:8)
  The ghost of Mig the Vandal, a novice SpHu of Yredelemnul (D:5)
  Maggie (D:6)
  Sigmund (D:5)
  6 yaks
  A wyvern (D:8)
  A vampire (D:9)
  A steam dragon (D:6)
  A water moccasin (D:8)
  A hornet zombie (D:8)
  3 orc warriors
  2 ice beasts (D:6)
  A sky beast (D:5)
  2 ogres (D:5)
  A necrophage (D:7)
  A centaur (D:9)
  A kobold brigand (D:8)
  Blork the orc (D:5)
  2 bullfrogs
  A wyvern zombie (D:8)
  2 gnoll sergeants
  3 scorpions
  A water moccasin zombie (D:5)
  13 killer bees
  2 water moccasin skeletons (D:4)
  An oklob sapling (D:5)
  3 wights (D:8)
  9 howler monkeys
  Crazy Yiuf (D:2)
  A bullfrog zombie (D:7)
  A jelly (D:6)
  4 orc priests
  4 centaur zombies
  A gnoll shaman (D:4)
  2 centaur skeletons
  An iguana (D:7)
  4 orc wizards
  A scorpion zombie (D:5)
  Terence (D:2)
  A killer bee zombie (D:8)
  A hound skeleton (D:5)
  2 howler monkey skeletons
  3 howler monkey zombies
  13 gnolls
  12 adders
  A shadow imp (D:6)
  2 white imps
  An ufetubus (D:5)
  A dart slug (D:1)
  22 orcs
  5 endoplasms
  3 giant cockroaches
  5 goblins
  3 hobgoblins
  2 jackals (D:3)
  2 quokkas
  5 ball pythons
  2 bats
  4 frilled lizards
  11 kobolds
  3 rats
189 creatures vanquished.

Vanquished Creatures (others)
  26 plants
26 creatures vanquished.

Grand Total: 215 creatures vanquished

Notes
Turn   | Place    | Note
-------+----------+-------------------------------------------
     0 | D:1      | Urokeeper the Deep Dwarf Fighter began the quest for the
                  | Orb.
     0 | D:1      | Reached XP level 1. HP: 20/20 MP: 1/1
   444 | D:1      | Reached XP level 2. HP: 18/27 MP: 2/2
   654 | D:2      | Found a runed translucent door.
   655 | D:2      | Noticed Crazy Yiuf
   807 | D:2      | Noticed Terence
   815 | D:2      | Killed Terence
   816 | D:2      | Reached XP level 3. HP: 12/34 MP: 3/3
   950 | D:2      | Reached skill level 3 in Axes
  1030 | D:2      | Reached XP level 4. HP: 30/42 MP: 4/4
  1449 | D:2      | Killed Crazy Yiuf
  2025 | D:3      | Reached XP level 5. HP: 49/49 MP: 5/5
  2048 | D:3      | Found a faded altar of an unknown god.
  2442 | D:4      | Reached skill level 4 in Axes
  2537 | D:4      | Reached skill level 1 in Dodging
  2582 | D:4      | Reached XP level 6. HP: 52/56 MP: 6/6
  2806 | D:4      | Reached skill level 5 in Shields
  2951 | D:4      | Found a basalt altar of Yredelemnul.
  2951 | D:4      | Found a radiant altar of Vehumet.
  2951 | D:4      | Found a glowing golden altar of the Shining One.
  3329 | D:4      | Reached skill level 5 in Axes
  3436 | D:5      | Entered Level 5 of the Dungeon
  3450 | D:5      | Reached XP level 7. HP: 26/63 MP: 6/6
  3550 | D:5      | Reached skill level 5 in Armour
  3616 | D:5      | You fall into a shaft and drop 1 floor!
  3751 | D:5      | Reached skill level 6 in Axes
  3802 | D:5      | Reached skill level 1 in Throwing
  3871 | D:5      | Reached XP level 8. HP: 33/72 MP: 6/6
  3941 | D:5      | Found a runed translucent door.
  3945 | D:5      | Noticed Mig's ghost (novice SpHu)
  3945 | D:5      | Got Oteivus's Compendium of the Rocks and the Snowflakes
  3978 | D:5      | Noticed Sigmund
  3993 | D:5      | Killed Sigmund
  3994 | D:5      | Reached skill level 7 in Axes
  4036 | D:5      | Found a staircase to the Ecumenical Temple.
  4062 | Temple   | Entered the Ecumenical Temple
  4286 | Temple   | Became a worshipper of Elyvilon the Healer
  4436 | D:5      | Noticed Blork the orc
  4443 | D:5      | Killed Blork the orc
  4945 | D:5      | Killed Mig's ghost
  4946 | D:5      | Reached skill level 8 in Axes
  5017 | D:6      | Reached * piety under Elyvilon
  5108 | D:6      | Gained mutation: You passively map the area around you.
                  | [Deep Dwarf growth]
  5108 | D:6      | Reached XP level 9. HP: 53/80 MP: 4/4
  5132 | D:6      | Found Wuer's Distillery.
  5142 | D:6      | Bought a potion of curing for 42 gold pieces
  5142 | D:6      | Bought a potion of heal wounds for 70 gold pieces
  5142 | D:6      | Bought a potion of heal wounds for 70 gold pieces
  5181 | D:6      | Reached skill level 1 in Invocations
  5288 | D:6      | Reached skill level 5 in Fighting
  5323 | D:6      | Found an ornate altar of the Wu Jian Council.
  5378 | D:6      | Found a shimmering blue altar of Sif Muna.
  5469 | D:6      | Reached ** piety under Elyvilon
  5469 | D:6      | Noticed Maggie
  5491 | D:6      | Killed Maggie
  5492 | D:6      | Reached skill level 9 in Axes
  5676 | D:7      | Identified a scroll of acquirement
  5677 | D:7      | Acquired the ring "Tuwoipp" {rN+ Dex+5}
  5740 | D:7      | Found a flagged portal.
  6278 | D:8      | Found Tula's Assorted Antiques.
  6384 | D:8      | Reached *** piety under Elyvilon
  6440 | D:8      | Found a bloodstained altar of Trog.
  6692 | D:8      | Reached XP level 10. HP: 48/88 MP: 5/5
  6741 | D:8      | Reached skill level 10 in Axes
  7183 | D:8      | Reached **** piety under Elyvilon
  7338 | D:9      | Reached skill level 5 in Invocations
  7647 | D:9      | Noticed a two-headed ogre
  7807 | D:8      | Killed a two-headed ogre
  7885 | D:9      | Found a stormy altar of Qazlal.
  8074 | D:9      | Found a runed translucent gate.
  8074 | D:9      | Found a runed translucent gate.
  8074 | D:9      | Found a runed translucent gate.
  8077 | D:9      | Found an opulent altar of Gozag.
  8079 | D:9      | Noticed a deep elf zephyrmancer
  8079 | D:9      | Noticed worthlessgem's ghost (journeyman DjFE)
  8079 | D:9      | Noticed a death knight
  8079 | D:9      | Noticed a brown ugly thing
  8175 | D:9      | Found a sacrificial altar of Ru.
  8314 | D:10     | Entered Level 10 of the Dungeon
  8332 | D:10     | Noticed Sonja
  8546 | D:10     | Noticed an ogre mage
  8550 | D:10     | Noticed a two-headed ogre
  8562 | D:10     | Noticed a two-headed ogre
  8564 | D:10     | Noticed a two-headed ogre
  8572 | D:10     | Noticed a two-headed ogre
  8593 | D:10     | Elyvilon protects you from harm!
  8593 | D:10     | HP: 4/91 [two-headed ogre (5)]
  8602 | D:10     | HP: 2/91 [two-headed ogre (11)]
  8604 | D:10     | Elyvilon protects you from harm!
  8607 | D:10     | Slain by an ogre

Illustrated notes

Levels and vault maps discovered:
D:1:      amcnicky_arrival_choice, layout_basic
D:2:      layout_basic, uniq_crazy_yiuf_cottage, uniq_terence
D:3:      layout_loops_ring, shapermc_ecumenical_altar_venn
D:4:      layout_basic, gammafunk_temple_overflow_claw, chequers_arboretum
D:5:      cheibrodos_quashed, layout_layer_cave, minmay_temple_entry_oklob,
          ebering_ghost_sewer_d, kennysheep_generic_room_4, uniq_blork_the_orc,
          uniq_sigmund
D:6:      layout_cave_pools, mainiacjoe_overflow_alcove_4,
          mainiacjoe_overflow_six_doors_small, serial_shops,
          nicolae_stop_n_shop_1, kennysheep_crisscross, uniq_maggie
D:7:      layout_rooms, enter_bailey_2
D:8:      layout_layer_cave, mainiacjoe_overflow_cross_hatched, serial_shops,
          nicolae_shop_stone
D:9:      wander_river, layout_cross, lemuel_round_altar,
          nicolae_ru_path_of_blood, ebering_ghost_gozag
D:10:     layout_stronghold, david_lair_shrubbed,
          nicolae_trove_entry_free_sample, serial_column_ruins,
          column_ruins_grid_2, column_ruins_corridor_straight,
          column_ruins_open_small, column_ruins_open_medium,
          column_ruins_open_tiny, column_ruins_corridor_corner,
          minmay_misc_feat_room, glass_columns_a, uniq_fannar, uniq_sonja
D:11:     layout_stronghold, uniq_snorg, uniq_josephine
Temple:   eino_narrow_crystal_temple

Skill      XL: |  1  2  3  4  5  6  7  8  9 10 |
---------------+-------------------------------+-----
Fighting       | 3 4 5 6 |  6.1
Axes           | 3 4 5 6 8 9 10 | 10.8
Shields        | 4 5 6 7 8 |  8.5
Armour         | 4 5 6 7 |  7.9
Dodging        | 1 2 |  2.7
Throwing       | 1 2 |  2.1
Invocations    | 4 6 |  6.9
Stealth        | |  0.4

Action                   |  1- 3 |  4- 6 |  7- 9 | 10-12 || total
-------------------------+-------+-------+-------+-------++-------
Melee: War axe           |    75 |   188 |   441 |   286 ||   990
Throw: Dart              |     4 |     1 |    16 |     6 ||    27
Invok: Lesser Healing    |       |       |     1 |     1 ||     2
       Divine Protection |       |       |       |     2 ||     2
       Greater Healing   |       |       |       |     1 ||     1
 Abil: Heal Wounds       |     1 |     3 |    26 |    21 ||    51
Evoke: Wand              |       |       |       |     1 ||     1
  Use: Scroll            |       |     4 |    10 |     6 ||    20
       Potion            |       |       |     4 |     8 ||    12
Armor: Scale mail        |    31 |    31 |       |       ||    62
       Chain mail        |       |    94 |   219 |       ||   313
       Plate armour      |       |       |   135 |   299 ||   434
Dodge: Dodged            |    23 |    45 |   154 |   110 ||   332
Block: Kite shield       |    37 |   135 |   333 |   289 ||   794
